 Dungeon Crawl Stone Soup version 0.22-a0-293-gc9362ec (webtiles) character file.

37774 vishdafish the Blocker (level 13, 0/83 HPs)
             Began as a Gargoyle Fighter on Mar 24, 2018.
             Was the Champion of Kikubaaqudgha.
             Killed by divine providence
             ... invoked by an orc priest
              (14 damage)
             ... on level 2 of the Orcish Mines on Mar 25, 2018.
             The game lasted 00:41:46 (18591 turns).

vishdafish the Blocker (Gargoyle Fighter)          Turns: 18591, Time: 00:41:47

Health: 0/83       AC: 19    Str: 20    XL:     13   Next: 98%
Magic:  25/25      EV: 12    Int: 16    God:    Kikubaaqudgha [******]
Gold:   1308       SH: 12    Dex: 11    Spells: 20/29 levels left

rFire    . . .     SeeInvis .   O - +4 trident
rCold    . . .     Gourm    +   c - +0 shield
rNeg     + . .     Faith    .   I - +1 ring mail "Qolaqali" {Regen+ Dex+2}
rPois    ∞         Spirit   .   l - +0 helmet
rElec    +         Reflect  .   X - +0 cloak (curse)
rCorr    .         Harm     .   (no gloves)
MR       +....                  C - +0 pair of boots
Stlth    +.........             S - amulet of the gourmand
HPRegen  0.63/turn              J - ring of protection from magic
MPRegen  0.19/turn              d - ring of wizardry

@: drained
A: clever 1, deformed body, negative energy resistance 1, robust 1, shaggy fur
1, electricity resistance, unbreathing, petrification resistance, rot immunity,
AC +9
a: Receive Corpses, Torment, Brand Weapon With Pain, Receive Necronomicon,
Renounce Religion


You were on level 2 of the Orcish Mines.
You worshipped Kikubaaqudgha.
Kikubaaqudgha was exalted by your worship.
You were very hungry.

You visited 4 branches of the dungeon, and saw 20 of its levels.

You collected 1574 gold pieces.
You spent 266 gold pieces at shops.

Inventory:

Hand Weapons
 O - a +4 trident (weapon)
Missiles
 y - 14 steel javelins
 G - 3 throwing nets (quivered)
Armour
 b - a +0 scale mail
 c - a +0 shield (worn)
 j - a +2 scale mail of cold resistance
 l - a +0 helmet (worn)
 C - a +0 pair of boots (worn)
 I - the +1 ring mail "Qolaqali" (worn) {Regen+ Dex+2}
   (You found it on level 8 of the Dungeon)

   It affects your dexterity (+2).
   It increases your rate of regeneration.
 X - a cursed +0 cloak (worn)
Jewellery
 d - a ring of wizardry (right hand)
 J - a ring of protection from magic (left hand)
 L - an uncursed ring of protection from fire
 M - an uncursed ring of magical power
 P - an uncursed ring of protection from cold
 R - a +4 ring of dexterity
 S - an amulet of the gourmand (around neck)
 V - an uncursed ring of ice
 Y - an uncursed amulet of faith
Wands
 B - a wand of polymorph (35)
 F - a wand of paralysis (27)
 K - a wand of enslavement (10)
 Q - a wand of iceblast (12)
Scrolls
 e - 4 scrolls of teleportation
 g - 9 scrolls of remove curse
 h - 5 scrolls of blinking
 i - 2 scrolls of random uselessness {unknown}
 n - 4 scrolls of enchant armour {unknown}
 o - 3 scrolls of amnesia {unknown}
 p - 2 scrolls of immolation {unknown}
 q - 4 scrolls of fog {unknown}
 s - 3 scrolls of enchant weapon {unknown}
 w - a scroll of fear {unknown}
 x - a scroll of noise {unknown}
 E - 3 scrolls of magic mapping {unknown}
 T - a scroll of identify
Potions
 a - a potion of cancellation
 k - 6 potions of curing
 m - 3 potions of agility
 r - 2 potions of invisibility {unknown}
 t - a potion of mutation
 u - 3 potions of flight
 z - a potion of haste
 A - a potion of degeneration
 D - a potion of resistance
 H - a potion of ambrosia {unknown}
 N - 2 potions of lignification
 U - 4 potions of brilliance
 W - a potion of magic {unknown}
 Z - 2 potions of heal wounds
Comestibles
 f - 19 rations


   Skills:
 - Level 7.2(6.5) Fighting
 - Level 8.6(7.9) Polearms
 - Level 7.2(6.5) Armour
 - Level 5.6(4.9) Dodging
 - Level 1.0(0.4) Stealth
 * Level 13.2(12.4) Shields
 - Level 8.7(8.0) Spellcasting
 - Level 7.0(6.3) Necromancy
 - Level 7.5(6.8) Evocations


You had 20 spell levels left.
You knew the following spells:

 Your Spells              Type           Power        Failure   Level  Hunger
a - Dispel Undead         Necr           ####....     21%         5    #####..
b - Animate Dead          Necr           N/A          8%          4    ####...


Dungeon Overview and Level Annotations

Branches:
Dungeon (11/15)            Temple (1/1) D:4            Lair (6/6) D:10
 Shoals (0/4) Lair:2        Snake (0/4) Lair:2        Slime (0/5) Lair:5
    Orc (2/2) D:11
    Elf: Orc:2

Altars:
Ashenzari
Cheibriados
Dithmenos
Elyvilon
Fedhas
Gozag
Hepliaklqana
Kikubaaqudgha
Makhleb
Nemelex Xobeh
Okawaru
Qazlal
Ru
Sif Muna
Trog
Uskayaw
Vehumet
Wu Jian
Xom
Yredelemnul
Zin
The Shining One
Beogh
Jiyva
Lugonu

Shops:
D:10 :   D:11 !

Annotations:
Lair:6 Ghella's ghost, journeyman GrFi


Innate Abilities, Weirdness & Mutations

You are resistant to torment.
Your stone body is resilient. (AC +9)
You are immune to poison.
You resist negative energy. (rN+)
You are resistant to electric shocks. (rElec)
You can survive without breathing.
You are immune to petrification.
You are immune to rotting.
Your mind is acute. (Int +2)
Armour fits poorly on your strangely shaped body.
You are robust. (+10% HP)
You are covered in fur. (AC +1)


Message History

Kikubaaqudgha accepts your kill. What are your orders? t - Shout!
Orders for allies: a - Attack new target. r - Retreat! s - Stop attacking. g - Guard the area. f - Follow me.
Anything else - Cancel.
Gang up on whom?
Press: ? - help, Dir - move target cursor, f - orc knight
Aim: an orc knight, wielding an arbalest and wearing a chain mail Attack!
The orc priest completely misses your cyclops zombie.
The orc priest miscasts a cantrip.
The orc priest completely misses your cyclops zombie.
The orc knight roars a battlecry!
The orc priest goes into a battle-frenzy!
The orc priest calls down the wrath of Beogh upon you.
Beogh smites you!
You die...
Kikubaaqudgha rasps: "You have failed me!
Welcome... oblivion!"

#)'..⌠..#
.......Z..)
#####)#.....#
..<....)).#
#..Z(.#.....#
........###
#.###(#######
.......###Z
#.#.....#
.....####..
#ZZ.._..#
..######Z..
#Z#.Z...#
##.#..Z..
#Z###'######
##........
#.ZZ#.ZZZ@)#
##.........
###Z######Z#
#..#.......
#...# #Z#
##.........
#)..# #o#
##........
#§≈≈# .o.
#.....#..
#≈§≈# .....
#.....###
#≈≈≈# #.....#
##.....#
#≈≈≈# ##.$$##
##...## ≈≈≈##
#...# #####


You could see an orc knight, an orc priest, 3 friendly orc zombies, a friendly
orc warrior zombie and a friendly cyclops zombie.

Vanquished Creatures
  Fannar (Orc:1)
  2 hydras (D:11)
  6 two-headed ogres
  An orc high priest (Orc:1)
  Urug (Orc:1)
  A fire crab (Lair:5)
  4 orc sorcerers
  An orc knight (Orc:1)
  2 cyclopes
  2 black mambas
  A merfolk siren (Lair:2)
  5 elephants (Lair:2)
  2 centaur zombies
  3 spiny frogs
  2 rime drakes
  A queen bee (Lair:2)
  4 trolls
  14 hippogriffs
  14 blink frogs
  Sigmund (D:2)
  A spriggan (D:7)
  A vampire (D:11)
  17 yaks
  3 basilisks
  2 hungry ghosts
  2 nagas (Lair:2)
  7 wargs
  7 water moccasins
  23 orc warriors
  8 porcupines
  A black bear (D:10)
  2 sky beasts
  An ice beast (D:10)
  A phantom (D:10)
  15 ogres
  A necrophage (D:11)
  A wolf (Lair:2)
  5 centaurs
  9 crocodiles
  2 big kobolds
  14 bullfrogs
  A wyvern zombie (D:11)
  A water moccasin zombie (D:9)
  5 scorpions
  A wyvern skeleton (D:10)
  38 killer bees
  4 electric eels
  7 wights
  A bullfrog zombie (D:8)
  5 crimson imps
  A howler monkey (D:5)
  A quasit (D:5)
  3 jellies
  A bullfrog skeleton (D:7)
  A centaur skeleton (D:7)
  7 orc priests
  6 hounds
  17 orc wizards
  An iguana (D:5)
  9 worker ants
  A hound zombie (D:10)
  A hound skeleton (D:5)
  Robin (D:2)
  14 adders
  3 shadow imps
  An ooze (D:3)
  3 worms (D:8)
  4 dart slugs
  7 leopard geckos
  109 orcs
  5 giant cockroaches
  15 goblins
  9 hobgoblins
  8 jackals
  19 kobolds
  6 quokkas
  2 ball pythons
  12 bats
  3 frilled lizards (D:1)
  A quokka skeleton (D:7)
  A quokka zombie (D:8)
  11 rats
537 creatures vanquished.

Vanquished Creatures (collateral kills)
  An orc sorcerer (Orc:2)
  2 yaks (D:11)
  4 orc warriors (Orc:2)
  An ogre (Orc:2)
  A worker ant (D:11)
  13 orcs
22 creatures vanquished.

Vanquished Creatures (others)
  A water moccasin (Lair:5)
  An orc wizard (Orc:1)
  An orc (Orc:1)
  2 bushes (D:8)
  2 fungi (Lair:5)
  A plant (Lair:3)
8 creatures vanquished.

Grand Total: 567 creatures vanquished

Notes
Turn   | Place    | Note
-------+----------+-------------------------------------------
     0 | D:1      | vishdafish the Gargoyle Fighter began the quest for the Orb.
     0 | D:1      | Reached XP level 1. HP: 14/14 MP: 1/1
    91 | D:1      | Reached XP level 2. HP: 18/19 MP: 2/2
   363 | D:1      | Reached XP level 3. HP: 21/24 MP: 3/3
   927 | D:2      | Noticed Sigmund
   939 | D:2      | Killed Sigmund
   939 | D:2      | Reached skill level 4 in Shields
   939 | D:2      | Reached XP level 4. HP: 22/29 MP: 4/4
   939 | D:2      | Reached XP level 5. HP: 25/33 MP: 5/5
  1158 | D:2      | Noticed Robin
  1191 | D:2      | Reached XP level 6. HP: 14/38 MP: 6/6
  1205 | D:2      | Killed Robin
  1348 | D:2      | Found a deep blue altar of Sif Muna.
  1348 | D:2      | Found a basalt altar of Yredelemnul.
  1349 | D:2      | Found a hide-covered altar of Uskayaw.
  1532 | D:2      | Found a radiant altar of Vehumet.
  1533 | D:2      | Found a white marble altar of Elyvilon.
  1613 | D:2      | Found a shimmering altar of Xom.
  2011 | D:3      | Found a sacrificial altar of Ru.
  2351 | D:3      | Found a stormy altar of Qazlal.
  2460 | D:3      | Found a faded altar of an unknown god.
  2709 | D:3      | Found an ornate altar of the Wu Jian Council.
  2732 | D:4      | Reached XP level 7. HP: 43/44 MP: 7/7
  2890 | D:4      | Reached skill level 1 in Stealth
  2974 | D:4      | Found a staircase to the Ecumenical Temple.
  2980 | Temple   | Entered the Ecumenical Temple
  3002 | Temple   | Became a worshipper of Kikubaaqudgha
  3127 | D:4      | Reached skill level 5 in Shields
  3331 | D:5      | Entered Level 5 of the Dungeon
  3334 | D:5      | Reached skill level 5 in Polearms
  3414 | D:5      | Reached skill level 1 in Dodging
  3522 | D:5      | Found a blossoming altar of Fedhas.
  3725 | D:5      | Reached XP level 8. HP: 35/48 MP: 8/8
  3877 | D:5      | Reached skill level 5 in Armour
  4072 | D:5      | Found a sparkling altar of Nemelex Xobeh.
  4188 | D:6      | Reached skill level 5 in Fighting
  4188 | D:6      | Reached skill level 1 in Spellcasting
  4277 | D:6      | Reached skill level 1 in Necromancy
  5014 | D:7      | Found a glowing golden altar of the Shining One.
  5024 | D:7      | Reached skill level 6 in Shields
  5211 | D:7      | Reached * piety under Kikubaaqudgha
  5211 | D:7      | Identified Kikubaaqudgha's Incunabulum of Necromancy (Kikubaaqudgha gifted it to you on level 7 of the Dungeon)
  5211 | D:7      | Received a gift from Kikubaaqudgha
  5287 | D:7      | Reached XP level 9. HP: 53/55 MP: 11/11
  5871 | D:8      | Found a hazy altar of Hepliaklqana.
  5901 | D:8      | Got a polished ring mail
  5912 | D:8      | Identified the +1 ring mail "Qolaqali" {Regen+ Dex+2} (You found it on level 8 of the Dungeon)
  5935 | D:8      | Noticed a moth of wrath
  5938 | D:8      | Found a bloodstained altar of Trog.
  6087 | D:8      | Reached skill level 7 in Shields
  6178 | D:8      | Got a dazzling flail
  6182 | D:8      | Identified the +5 flail of the Skies Above {pain, Dex+5} (You found it on level 8 of the Dungeon)
  6230 | D:8      | Reached ** piety under Kikubaaqudgha
  6776 | D:8      | Reached XP level 10. HP: 48/61 MP: 14/14
  6913 | D:9      | Found a shadowy altar of Dithmenos.
  7099 | D:9      | Gained mutation: Armour fits poorly on your strangely shaped body. [potion of mutation]
  7099 | D:9      | Gained mutation: Your mind is acute. (Int +2) [potion of mutation]
  7099 | D:9      | Gained mutation: You are covered in fur. (AC +1) [potion of mutation]
  7099 | D:9      | Gained mutation: You are robust. (+10% HP) [potion of mutation]
  7166 | D:9      | Reached *** piety under Kikubaaqudgha
  7166 | D:9      | Identified Kikubaaqudgha's Handbook of Darkness (Kikubaaqudgha gifted it to you on level 9 of the Dungeon)
  7166 | D:9      | Received a gift from Kikubaaqudgha
  7180 | D:9      | Learned a level 5 spell: Dispel Undead
  7185 | D:9      | Learned a level 4 spell: Animate Dead
  7209 | D:9      | Noticed a two-headed ogre
  7220 | D:9      | Killed a two-headed ogre
  7529 | D:9      | Found an iron altar of Okawaru.
  7644 | D:10     | Entered Level 10 of the Dungeon
  7821 | D:10     | Reached skill level 5 in Dodging
  7950 | D:10     | Noticed a two-headed ogre
  7954 | D:10     | Killed a two-headed ogre
  8021 | D:10     | Found a staircase to the Lair.
  8034 | D:10     | Reached XP level 11. HP: 54/73 MP: 17/17
  8245 | D:10     | Reached skill level 1 in Evocations
  8306 | D:10     | Found Foufyorph's Book Emporium.
  8525 | D:10     | Reached **** piety under Kikubaaqudgha
  8836 | Lair:1   | Entered Level 1 of the Lair of Beasts
  8930 | Lair:1   | Reached skill level 5 in Spellcasting
  9250 | Lair:1   | Reached skill level 5 in Necromancy
  9881 | Lair:2   | Found a staircase to the Snake Pit.
  9910 | Lair:2   | Reached ***** piety under Kikubaaqudgha
 10017 | Lair:2   | You fall through a shaft!
 10395 | Lair:2   | Found a staircase to the Shoals.
 10534 | Lair:2   | Reached XP level 12. HP: 75/79 MP: 21/21
 10656 | Lair:2   | Reached skill level 8 in Shields
 10663 | Lair:2   | Reached skill level 5 in Evocations
 10985 | Lair:2   | Reached skill level 9 in Shields
 12421 | Lair:4   | Got a polished war axe
 12422 | Lair:4   | Identified the +6 war axe "Cahuw" {chop, rElec rPois rF+++ MR-} (You found it on level 4 of the Lair of Beasts)
 13439 | Lair:5   | Reached skill level 10 in Shields
 13772 | Lair:5   | Found a viscous altar of Jiyva.
 13772 | Lair:5   | Found a staircase to the Slime Pits.
 14129 | Lair:6   | Entered Level 6 of the Lair of Beasts
 14130 | Lair:6   | Noticed Ghella's ghost (journeyman GrFi)
 14140 | Lair:5   | Reached XP level 13. HP: 63/83 MP: 25/25
 14948 | D:11     | Found a staircase to the Orcish Mines.
 15451 | D:11     | Found Zuits's Distillery.
 15481 | D:11     | Bought a potion of berserk rage for 70 gold pieces
 15481 | D:11     | Bought a potion of curing for 42 gold pieces
 15481 | D:11     | Bought a potion of lignification for 42 gold pieces
 15481 | D:11     | Bought a potion of cancellation for 112 gold pieces
 15936 | Orc:1    | Entered Level 1 of the Orcish Mines
 16068 | D:11     | Reached skill level 11 in Shields
 16208 | Orc:1    | Noticed Fannar
 16246 | Orc:1    | Killed Fannar
 16367 | Orc:1    | Paralysed by an orc sorcerer for 5 turns
 16476 | Orc:1    | Paralysed by an orc sorcerer for 4 turns
 16599 | Orc:1    | Paralysed by an orc sorcerer for 3 turns
 16615 | Orc:1    | Reached ****** piety under Kikubaaqudgha
 16651 | Orc:1    | Noticed Urug
 16701 | Orc:1    | Killed Urug
 16960 | Orc:1    | HP: 2/83 [sun demon[an orc high priest] (16)]
 17489 | Orc:2    | Entered Level 2 of the Orcish Mines
 17664 | Orc:1    | Reached skill level 12 in Shields
 18418 | Orc:2    | Reached skill level 13 in Shields
 18510 | Orc:2    | Found a roughly hewn altar of Beogh.
 18591 | Orc:2    | Killed from afar by an orc priest

Vault maps used:
D:1:      dpeg_arrival_shelter, minivault_27, grunt_decor_cap,
          minmay_split_cup_large
D:2:      gammafunk_temple_overflow_claw, marbit_many_paths,
          gammafunk_temple_overflow_statue, uniq_robin, uniq_sigmund
D:3:      nicolae_overflow_crystal_walls, nicolae_overflow_hidden_temple,
          overflow_temple_1_default, chequers_ecumenical_altar_island
D:4:      minmay_temple_entry_trees
D:5:      nemelex_xobeh_ov_fountains_minmay, fedhas_altar_fruit_tree,
          first_ration
D:7:      tso_metal_star, the_bakery
D:8:      overflow_temple_1_default, minmay_hedge_maze, tgw_trog
D:9:      okawaru_humans, nicolae_dithmenos_shadow_blocks,
          kennysheep_minor_cross, kb_rosetta
D:10:     lair_entry_dummy, special_room, serial_shops, shop
D:11:     minmay_orc_entry_guard_dogs, serial_shops,
          nicolae_shop_competitors_out_of_business, minmay_fountain_box
Temple:   corrupted_temple
Lair:2:   regret_index_combs_of_tragedy, minmay_shoals_entry_lonely_mermaid,
          guppyfry_snake_entry_island
Lair:3:   grunt_forest_small_clearing_treed
Lair:4:   st_stairs_4, serial_bayou_lake_a
Lair:5:   dpeg_slime_entry_enclosed_altar, hibernation_bobbens
Lair:6:   evilmike_catoblepas_cave, infiniplex_staircase_pool_2
Orc:1:    uniq_fannar, uniq_urug
Orc:2:    pubby_orc_utopia

Skill      XL: |  1  2  3  4  5  6  7  8  9 10 11 12 13 |
---------------+----------------------------------------+-----
Polearms       | 2 3 4 5 6 8 |  8.6
Fighting       | 4 5 6 7 |  7.2
Shields        | 4 5 6 7 10 13 | 13.2
Armour         | 4 5 6 7 |  7.2
Stealth        | 1 |  1.0
Dodging        | 1 2 3 5 |  5.6
Spellcasting   | 1 2 4 6 8 |  8.7
Necromancy     | 1 2 3 5 7 |  7.0
Evocations     | 4 7 |  7.5

Action                   |  1- 3 |  4- 6 |  7- 9 | 10-12 | 13-15 || total
-------------------------+-------+-------+-------+-------+-------++-------
Melee: Trident           |   101 |   201 |   805 |  1300 |   889 ||  3296
Throw: Throwing net      |     1 |       |       |     2 |     4 ||     7
       Javelin           |       |       |       |       |     1 ||     1
 Cast: Animate Dead      |       |       |       |       |    20 ||    20
Invok: Receive Corpses   |       |       |       |       |     1 ||     1
Evoke: Wand              |       |       |       |    18 |     7 ||    25
  Use: Potion            |     1 |       |     1 |     8 |     6 ||    16
       Scroll            |       |     2 |     9 |     6 |     2 ||    19
 Stab: Held in net/web   |     1 |       |       |       |     1 ||     2
       Sleeping          |       |       |     1 |     1 |       ||     2
       Distracted        |       |       |       |     2 |     4 ||     6
  Eat: Chunk             |       |     3 |    13 |    14 |    10 ||    40
       Ration            |       |     1 |     1 |     4 |     2 ||     8
Armor: Scale mail        |    23 |    83 |   312 |       |       ||   418
       Ring mail         |       |       |   139 |   577 |   337 ||  1053
Dodge: Dodged            |    16 |    47 |   313 |   598 |   374 ||  1348
Block: Shield            |    32 |   102 |   461 |   745 |   576 ||  1916

Table legend:
 A = Spawn XP
 B = Non-spawn XP
 C = Spawn XP percentage of total XP
 D = Spawn monster count
 E = Non-spawn monster count
 F = Spawn count percentage of total count
 G = Total turns spent on level
                    A         B        C        D         E        F      G
               +---------+---------+-------+---------+---------+-------+---------
         Total |       0 |   53964 |   0.0 |       0 |     560 |   0.0 | 18591
               +---------+---------+-------+---------+---------+-------+---------
           D:1 |       0 |      53 |   0.0 |       0 |      31 |   0.0 |   916
           D:2 |       0 |     331 |   0.0 |       0 |      29 |   0.0 |  1342
           D:3 |       0 |      89 |   0.0 |       0 |      17 |   0.0 |   440
           D:4 |       0 |     390 |   0.0 |       0 |      17 |   0.0 |   600
           D:5 |       0 |     523 |   0.0 |       0 |      12 |   0.0 |   830
           D:6 |       0 |     405 |   0.0 |       0 |      13 |   0.0 |   803
           D:7 |       0 |     878 |   0.0 |       0 |      24 |   0.0 |   599
           D:8 |       0 |    1999 |   0.0 |       0 |      48 |   0.0 |  1300
           D:9 |       0 |    2022 |   0.0 |       0 |      20 |   0.0 |   762
          D:10 |       0 |    4292 |   0.0 |       0 |      68 |   0.0 |  1240
          D:11 |       0 |    7493 |   0.0 |       0 |      62 |   0.0 |  2140
        Lair:1 |       0 |    4780 |   0.0 |       0 |      23 |   0.0 |   956
        Lair:2 |       0 |    8844 |   0.0 |       0 |      54 |   0.0 |  1547
        Lair:3 |       0 |    2766 |   0.0 |       0 |      15 |   0.0 |   895
        Lair:4 |       0 |     416 |   0.0 |       0 |       4 |   0.0 |   700
        Lair:5 |       0 |    4533 |   0.0 |       0 |      18 |   0.0 |  1322
         Orc:1 |       0 |    7262 |   0.0 |       0 |      38 |   0.0 |  1296
         Orc:2 |       0 |    6888 |   0.0 |       0 |      67 |   0.0 |   839
               +---------+---------+-------+---------+---------+-------+---------
